AoeStats
← CazadorGT

Nomad

509669125Analyzed
2v2 RM · 5d ago on Sep 27, 2026· 30m 2s· 4 players
Game mode
Random Map
Map size
176×176
Population
200
Speed
Normal
Resources
Standard
Victory
Conquest
Starting age
Dark Age
Ending age
Imperial Age
RankedLock teamsTeams togetherTeam positionsShared explorationLock speedFull tech treeHidden civsTurbo modeCheats
Victory
Defeat
🇩🇰 Inca · Denmark
1146
+13
🇬🇹 Malians · Guatemala
1142
+13
🇪🇸 Khmer · Spain
1101
-14
🇩🇪 Persians · Germany
1064
-12
Deluxeness ツ
9:43 Loom
13:50 Feudal Age
14:17 Fishing Lines
14:26 Double-Bit Axe
17:58 Fletching
18:44 Horse Collar
23:47 Castle Age
22:23 Padded Archer Armor
23:57 Scale Mail Armor
24:07 Forging
23:56 Gold Mining
23:58 Stone Mining
24:16 Crossbowman
25:06 Pikeman
26:55 Bodkin Arrow
28:14 Squires
29:31 Wheelbarrow
CazadorGT
4:55 Loom
12:42 Feudal Age
15:08 Town Watch
15:37 Fletching
17:28 Wheelbarrow
20:03 Padded Archer Armor
21:03 Double-Bit Axe
27:21 Castle Age
25:16 Gold Mining
27:28 Crossbowman
28:05 Bodkin Arrow
29:08 Bow Saw
JuaneleteVII
16:57 Feudal Age
20:19 Castle Age
20:31 Crossbowman
27:02 Bloodlines
26:53 Husbandry
28:28 Scale Barding Armor
28:34 Forging
fede
14:56 Feudal Age
16:16 Double-Bit Axe
19:46 Scale Barding Armor
22:26 Castle Age
20:52 Forging
Connection lost

Rejoining the realm…

Still unreachable

The connection could not be restored.

Session expired

The server has moved on; the page needs a fresh start.